 Dungeon Crawl Stone Soup version 0.30-a0-29-g142975f185 (webtiles) character file.

Game seed: 11847982295728127504

44 Spectrina the Ducker (level 3, 0/22 HPs)
             Began as a Deep Elf Monk on Aug 26, 2022.
             Was a Believer of Okawaru.
             Slain by a centaur (1 damage)
             ... on level 3 of the Dungeon.
             The game lasted 00:10:06 (1259 turns).

Spectrina the Ducker (Deep Elf Monk)                Turns: 1259, Time: 00:10:07

Health: 0/22       AC:  3    Str:  8    XL:     3   Next: 39%
Magic:  6/6        EV: 13    Int: 16    God:    Okawaru [**....]
Gold:   127        SH:  0    Dex: 17    Spells: 2/3 levels left

rFire   . . .      SeeInvis .    a - +0 short sword
rCold   . . .      Faith    .    (no shield)
rNeg    . . .      Spirit   .    b - +0 robe
rPois   .          Reflect  .    f - +0 helmet
rElec   .          Harm     .    (no cloak)
rCorr   .          Rampage  .    (no gloves)
Will    .....                    (no boots)
Stlth   ++........               (no amulet)
HPRegen 0.07/turn                (no ring)
MPRegen 0.10/turn                (no ring)

@: no status effects
A: no striking features
a: Renounce Religion, Heroism


You were on level 3 of the Dungeon.
You worshipped Okawaru.
Okawaru was pleased with you.
You visited 1 branch of the dungeon, and saw 3 of its levels.

You collected 127 gold pieces.

Inventory:

Hand Weapons
 a - a +0 short sword (weapon)
Missiles
 c - 3 poisoned darts (quivered)
Armour
 b - a +0 robe (worn)
 f - a +0 helmet (worn)
Magical Staves
 i - a staff of air
Scrolls
 d - a scroll of blinking {unknown}
 e - a scroll of enchant weapon {unknown}
 g - a scroll of enchant armour {unknown}
 h - a scroll of teleportation
Potions
 j - a potion of might
 k - a potion of invisibility
 m - a potion of attraction {unknown}
 n - a potion of ambrosia


   Skills:
 + Level 2.8 Fighting
 - Level 3.0 Short Blades
 - Level 3.6 Dodging
 + Level 3.3 Stealth
 + Level 0.7 Spellcasting
 + Level 0.4 Conjurations
 + Level 0.2 Air Magic
 + Level 1.5 Invocations


You had 2 spell levels left.
You knew the following spells:

 Your Spells              Type           Power      Damage    Failure   Level
a - Magic Dart            Conj           4%         1d3       21%         1

Your spell library contained the following spells:

 Spells                   Type           Power      Damage    Failure   Level
 Mephitic Cloud           Conj/Pois/Air  1%         N/A       54%         3
 Call Imp                 Summ           Unusable   N/A       N/A         2

Dungeon Overview and Level Annotations

Branches:
Dungeon (3/15)

Altars:
Cheibriados
Okawaru


Message History

You hit the hobgoblin.
You kill the hobgoblin!
Okawaru accepts your kill.
You see here a hobgoblin corpse.
Okay, then.
Okay, then.
Unknown command.
Unknown command.
Found a snail-covered altar of Cheibriados.
Found a potion of ambrosia.
n - a potion of ambrosia
Found 15 gold pieces.
You now have 127 gold pieces (gained 15).
You open the door.
A centaur comes into view.
The centaur wields a +0 shortbow.
The centaur shoots an arrow.
The arrow barely misses you.
The centaur shoots an arrow.
The arrow hits you!
* * * LOW HITPOINT WARNING * * *
Unknown command.
The centaur unwields a +0 shortbow.
The centaur hits you.
* * * LOW HITPOINT WARNING * * *
The centaur kicks you.
* * * LOW HITPOINT WARNING * * *
A rat comes into view.
There is an open door, spattered with blood here.
Unknown command.
It was a potion of might.
You feel very mighty all of a sudden. The centaur barely misses you.
The centaur completely misses you. The centaur barely misses you. x2
It was a potion of invisibility.
You fade into invisibility!
The centaur barely misses you. x2
It was a potion of cancellation.
Your magical effects are unravelling.
You feel magically purged.
You flicker back into view.
You feel a little less mighty now. The centaur misses you.
The centaur kicks you.
You die...

##.##########......##
#.#...........##....
#####.#########...#.#.#
#.....# #......#.#
#.###.# ##.......#
#.#...# ##.######
#.#.#.# #.# #.....# #.#
###.### #@# #.# ## #.c.#
#.######..##.....#
#.##......#.......#
###.#....._.#........#
............#........'.
###.....##..#........###
####..# ###.......##
##.#


You could see a centaur.

Vanquished Creatures
  2 worms
  2 dart slugs
  2 bats
  3 endoplasms
  5 hobgoblins
  4 jackals (D:3)
  4 ball pythons
  3 frilled lizards (D:1)
  7 kobolds
32 creatures vanquished.

Notes
Turn   | Place    | Note
-------+----------+-------------------------------------------
     0 | D:1      | Spectrina the Deep Elf Monk began the quest for the Orb.
     0 | D:1      | Reached XP level 1. HP: 13/13 MP: 3/3
   205 | D:2      | Noticed a great orb of eyes
   205 | D:2      | Found a faded altar of an unknown god.
   206 | D:2      | Noticed a floating eye
   206 | D:2      | Noticed an eye of devastation
   206 | D:2      | Noticed a floating eye
   211 | D:2      | Prayed at the altar of an unknown god.
   211 | D:2      | Became a worshipper of Warmaster Okawaru
   211 | D:2      | Reached * piety under Okawaru
   211 | D:2      | Reached ** piety under Okawaru
   363 | D:2      | Reached XP level 2. HP: 18/18 MP: 4/4
   459 | D:3      | Reached skill level 1 in Invocations
   700 | D:1      | Learned a level 1 spell: Magic Dart
   830 | D:1      | Reached XP level 3. HP: 22/22 MP: 6/6
  1210 | D:3      | Found a snail-covered altar of Cheibriados.
  1255 | D:3      | Noticed a centaur
  1256 | D:3      | HP: 1/22 [centaur (2)]
  1259 | D:3      | Slain by a centaur

Illustrated notes

Levels and vault maps discovered:
D:1:      dpeg_arrival_rhombi, layout_loops_corners
D:2:      layout_rooms, hellmonk_ecumenical_altar_watching_god
D:3:      layout_loops_corners, mainiacjoe_overflow_alcove_1

Skill      XL: |  1  2 |
---------------+-------+-----
Stealth        | 3 |  3.3
Invocations    | 1 |  1.5
Fighting       | |  2.8
Short Blades   | |  3.0
Dodging        | |  3.6
Spellcasting   | |  0.7
Conjurations   | |  0.4
Air Magic      | |  0.2

Action                   || total
-------------------------++-------
Melee: Short sword       ||   106
Throw: Dart              ||     9
 Cast: Magic Dart        ||    19
Invok: Heroism           ||     2
  Use: Scroll            ||     2
       Potion            ||     4
 Stab: Sleeping          ||     6
Armor: Robe              ||    20
Dodge: Dodged            ||    92

Table legend: (Time is in decaauts)
 A = Elapsed time spent in this place.
 B = Non-inter-level travel time spent in this place.
 C = Inter-level travel time spent in this place.
 D = Time resting spent in this place.
 E = Time spent auto-exploring this place.
 F = Levels seen in this place.
 G = Mean time per level.
                   A        B        C        D        E       F      G
               +--------+--------+--------+--------+--------+-----+--------+
         Total |   1248 |   1149 |     99 |      0 |      0 |   3 |  416.0 |
       Dungeon |   1248 |   1149 |     99 |      0 |      0 |   3 |  416.0 |
               +--------+--------+--------+--------+--------+-----+--------+

Top non-repeatable levels by time:
     D:1: 636 daAuts
     D:2: 451 daAuts
     D:3: 159 daAuts
